 Dungeon Crawl Stone Soup version 0.28.0 (webtiles) character file.

Game seed: 12914645970397592427

12196 AmazingTV the Covert (level 11, -4/58 HPs)
             Began as a Spriggan Brigand on July 1, 2022.
             Was a Believer of Trog.
             Asphyxiated
             ... on level 1 of the Orcish Mines.
             The game lasted 01:10:58 (15358 turns).

AmazingTV the Covert (Spriggan Brigand)            Turns: 15358, Time: 01:10:59

Health: -4/58      AC: 10    Str:  9    XL:     11   Next: 59%
Magic:  12/12      EV: 28    Int: 13    God:    Trog [**....]
Gold:   513        SH:  0    Dex: 19    Spells: 10/10 levels left

rFire   . . .      SeeInvis +   a - +2 short sword (elec) {short}
rCold   + . .      Faith    .   (no shield)
rNeg    . . .      Spirit   .   L - +1 robe of Fewnai {+Blink rC+}
rPois   .          Reflect  .   m - +2 hat
rElec   .          Harm     .   c - +0 cloak
rCorr   .          Rampage  .   (gloves unavailable)
Will    +++..                   (boots unavailable)
Stlth   ++++++....              (no amulet)
HPRegen 1.19/turn               r - +4 ring of evasion
MPRegen 0.13/turn               i - +4 ring of protection

@: lethally poisoned (-4 -> -11), strong-willed, on berserk cooldown,
regenerating, slowed, quick
A: very small, no large weapons, unfitting armour, see invisible, speed 3
a: Renounce Religion, Evoke Blink, Berserk, Trog's Hand


You were on level 1 of the Orcish Mines.
You worshipped Trog.
Trog was pleased with you.
You visited 3 branches of the dungeon, and saw 13 of its levels.

You collected 667 gold pieces.
You spent 154 gold pieces at shops.


Innate Abilities, Weirdness & Mutations

You are very small and have problems with some larger weapons.
You are too small for most types of armour.
You have supernaturally acute eyesight. (SInv)
You cover ground extremely quickly. (Speed+++)


   Skills:
 + Level 6.8 Fighting
 + Level 8.6(9.2) Short Blades
 + Level 3.7(5.6) Long Blades
 - Level 6.7(8.2) Slings
 + Level 5.7 Bows
 - Level 6.0(7.1) Throwing
 + Level 9.9 Dodging
 + Level 12.9 Stealth
 - Level 3.2 Translocations


You had 10 spell levels left.
You didn't know any spells.
Your spell library contained the following spells:

 Spells                   Type           Power      Damage    Failure   Level
 Gell's Gravitas          Tloc           8%         N/A       26%         3
 Lesser Beckoning         Tloc           8%         N/A       26%         3
 Teleport Other           Tloc           8%         N/A       26%         3
 Magic Dart               Conj           0%         1d3       30%         1
 Searing Ray              Conj           0%         2d4       43%         2
 Dazzling Flash           Conj/Hex       0%         N/A       67%         3
 Summon Guardian Golem    Hex/Summ       0%         N/A       67%         3
 Iskenderun's Mystic Bla  Conj/Tloc      4%         2d3       85%         4
 Fulminant Prism          Conj/Hex       0%         3d6       97%         4
 Starburst                Conj/Fire      0%         6d3       100%        6
 Orb of Destruction       Conj           0%         9d5       100%        7
 Spellforged Servitor     Conj/Summ      0%         N/A       100%        7

Inventory:

Hand Weapons
 a - a +2 short sword of electrocution (weapon) {short}
   (You took it off a kobold on level 3 of the Dungeon)
 b - a +0 shortbow {bow}
   (You took it off a centaur on level 5 of the Dungeon)
 w - a +0 rapier {short}
   (You took it off a deep elf pyromancer on level 11 of the Dungeon)
 H - a +2 dagger {short}
 M - a +0 short sword of freezing {short}
   (You found it on level 6 of the Dungeon)
 T - a +2 flail of holy wrath {mace}
   (You took it off a gnoll on level 8 of the Dungeon)
Missiles
 d - 23 poisoned darts (quivered)
 e - 2 curare-tipped darts {=f}
 j - 324 stones
 n - 79 sling bullets
 y - 211 arrows
 z - 91 bolts
 S - 2 throwing nets {=f!f}
Armour
 c - a +0 cloak (worn)
 m - a +2 hat (worn)
   (You bought it in a shop on level 4 of the Dungeon)
 L - the +1 robe of Fewnai (worn) {+Blink rC+}
   (You found it on level 6 of the Dungeon)

   rC:        It protects you from cold.
   +Blink:    It lets you blink.
 U - a +1 robe of the Archmagi
   (You took it off a wight on level 8 of the Dungeon)
 Y - +0 acid dragon scales
   (You found it on level 10 of the Dungeon)
Jewellery
 i - a +4 ring of protection (right hand)
   (You found it on level 1 of the Dungeon)
 r - a +4 ring of evasion (left hand)
   (You found it on level 2 of the Dungeon)
Wands
 f - a wand of flame (2)
   (You found it on level 11 of the Dungeon)
 C - a wand of iceblast (5)
   (You found it on level 4 of the Dungeon)
 G - a wand of charming (6)
   (You found it on level 5 of the Dungeon)
 J - a wand of digging (4)
   (You found it on level 6 of the Dungeon)
 N - a wand of paralysis (17)
   (You found it on level 7 of the Dungeon)
 O - a wand of polymorph (13)
   (You found it on level 7 of the Dungeon)
Scrolls
 h - 2 scrolls of enchant weapon {unknown}
 k - a scroll of fog {unknown}
 l - 3 scrolls of immolation {unknown}
 q - a scroll of enchant armour {unknown}
 s - a scroll of blinking {unknown}
 t - 2 scrolls of amnesia {unknown}
 v - 5 scrolls of teleportation {@r4}
 B - a scroll of magic mapping {unknown}
 D - a scroll of noise {unknown}
 I - 2 scrolls of identify {@r1}
 P - a scroll of fear {unknown}
 V - a scroll of brand weapon {unknown}
Potions
 g - 2 potions of brilliance
 p - 2 potions of curing {unknown}
 u - a potion of resistance {unknown}
 x - 2 potions of magic {unknown}
 A - a potion of berserk rage {!q}
 E - 2 potions of might {unknown}
 F - 2 potions of haste {unknown}
 K - a potion of flight {unknown}
 W - a potion of invisibility {unknown}
Miscellaneous
 R - a box of beasts
   (You found it on level 7 of the Dungeon)

Dungeon Overview and Level Annotations

Branches:
Dungeon (11/15)            Temple (1/1) D:4            Lair (0/6) D:10
    Orc (1/2) D:9

Altars:
Ashenzari
Cheibriados
Dithmenos
Elyvilon
Fedhas
Gozag
Hepliaklqana
Kikubaaqudgha
Makhleb
Nemelex Xobeh
Okawaru
Qazlal
Ru
Sif Muna
Trog
Uskayaw
Vehumet
Wu Jian
Xom
Yredelemnul
Zin
The Shining One
Beogh

Shops:
D:4 [   D:6 =   D:9 (   Orc:1 *

Annotations:
D:7 2 transporters, 4 runed translucent doors, bluv's ghost, novice MiBe
D:9 2 transporters
D:10 exclusion: oklob plant
D:11 Snorg
Orc:1 Sonja

##.#..O4ooo.##
##.....o##4.#### ##
..#.#...ooT.##.## #.##
.......O.)T.$...##... $
โˆฉ......O.#..o..##..K##..
..............#....... $
^.<>...).....$.ยง....#..#
..............#........$
.#..............@.......
.#....................$.
##$....................
#......#...>..........
##.......o........##..
..............#.## .
.......#### .....o.


You could see an orange demon (summoned), 2 trolls, Sonja, an orc warrior, an
orc wizard (wandering) and 2 orcs.


Message History

You regained 21 hp, and now have 79/87 hp.
You barely miss the orc warrior.
The orc warrior hits you with a +0 morningstar!
The troll completely misses you. x2; The troll closely misses you. ๐Ÿ˜• HP[-9]
You take 9 damage, and now have 70/87 hp.
You puncture the orc!
You kill the orc!
Trog accepts your kill. The ogre completely misses you.
The orc warrior completely misses you. The orc warrior barely misses you.
The orc misses you.
A troll comes into view.
The troll shouts!
You hear a shout! x2
You feel a strong urge to attack something.
You closely miss the orc warrior. The orc barely misses you.
The orc warrior misses you.
You miss Sonja. Sonja closely misses you. Sonja misses you.
Sonja completely misses you. The orange demon misses you.
You puncture the orc priest!
Lightning courses through the orc priest!
You kill the orc priest!
Trog accepts your kill.
The orange demon stings you but does no damage.
The orange demon misses you.
You puncture the orc high priest! ๐Ÿ˜• HP[+1]
You feel a strong urge to attack something.
You are no longer berserk.
You are exhausted.
You feel yourself slow down.
The orange demon completely misses you. x2
You see here 23 gold pieces. ๐Ÿ˜• HP[-24]
You now have 58 max hp (-29).
Your skin crawls.
You feel strong-willed. The orc warrior completely misses you.
The orange demon stings you!
You are poisoned.
The orange demon poisons you!
The orange demon hits you but does no damage.
The orc warrior misses you.
Sonja gestures wildly while chanting.
Sonja blinks! ๐Ÿ˜ฎ HP[-6]
You take 6 damage, and now have 41/58 hp.
You feel very sick. The orange demon closely misses you.
Sonja mumbles some strange words.
Sonja blinks!
You see here a +0 mace {mace}. ๐Ÿ˜ฎ HP[-5]
You take 5 damage, and now have 36/58 hp.
You hit the orc high priest.
Lightning courses through the orc high priest!
Your punch misses the orc high priest.
You feel very sick.
Sonja mumbles some strange words.
Sonja blinks!
The orange demon barely misses you. The chaos spawn barely misses you.
The orc high priest closely misses you.
The orc warrior barely misses you. ๐Ÿ˜ฎ HP[-4]
You take 4 damage, and now have 32/58 hp.
You hit the orc high priest.
You feel very sick. The orange demon completely misses you.
The chaos spawn misses you.
The orc high priest mumbles some strange prayers to Beogh against you.
Beogh smites you!
* * * LOW HITPOINT WARNING * * *
The orc warrior closely misses you. ๐Ÿ˜จ HP[-14]
You take 14 damage, and now have 18/58 hp.
MASSIVE DAMAGE!! (PAUSE)
As you read the scroll of teleportation {@r4}, it crumbles to dust.
You feel strangely unstable.
You feel very sick. The orange demon closely misses you.
The chaos spawn misses you.
The orc high priest hits you with a +0 dire flail!
* * * LOW HITPOINT WARNING * * *
The orc warrior completely misses you. The orange demon completely misses you.
The chaos spawn closely misses you.
The orc high priest completely misses you. ๐Ÿ˜ฑ HP[-9]
You take 9 damage, and now have 9/58 hp.
Okay, then.
Unknown command.
You feel sick.
The orc warrior completely misses you. ๐Ÿ˜ฑ HP[-1]
You take 1 damage, and now have 8/58 hp.
Your surroundings suddenly seem different.
An orc warrior, an orc and an orc wizard come into view.
The orc wizard is wielding a +0 dagger and wearing a +0 robe of fire resistance.
You feel sick.
Sonja casts a spell.
Sonja blinks!
Sonja plants her feet in a plie.
Sonja throws a curare-tipped dart.
The curare-tipped dart hits you.
You are lethally poisoned!
You have difficulty breathing.
You die...

Skill      XL: |  1  2  3  4  5  6  7  8  9 10 11 |
---------------+----------------------------------+-----
Stealth        | 6 7 8 9 10 12 | 12.9
Slings         | 1 2 3 4 5 6 |  6.7
Dodging        | 2 3 4 5 6 7 9 |  9.9
Fighting       | 2 3 4 5 6 |  6.8
Short Blades   | 3 4 5 6 7 8 |  8.6
Throwing       | 3 4 5 6 |  6.0
Bows           | 1 4 5 |  5.7
Long Blades    | 2 3 |  3.7
Translocations | 3 |  3.2

Action                   |  1- 3 |  4- 6 |  7- 9 | 10-12 || total
-------------------------+-------+-------+-------+-------++-------
Melee: Dagger            |   100 |    19 |       |       ||   119
       Punch             |     1 |       |     3 |     7 ||    11
       Short sword       |       |   140 |   233 |   349 ||   722
 Fire: Shortbow          |       |       |     7 |   116 ||   123
Throw: Dart              |    11 |    20 |    31 |    38 ||   100
Invok: Berserk           |       |       |     2 |    11 ||    13
       Trog's Hand       |       |       |       |     2 ||     2
  Use: Scroll            |       |     4 |     1 |     1 ||     6
       Potion            |       |       |       |     1 ||     1
 Stab: Sleeping          |    19 |    12 |    23 |    10 ||    64
       Distracted        |       |       |     1 |     4 ||     5
Armor: Robe              |     6 |    19 |    33 |    32 ||    90
Dodge: Dodged            |    49 |   114 |   214 |   374 ||   751

Levels and vault maps discovered:
D:1:      kennysheep_arrival_seaside, layout_loops_ring,
          shapermc_ecumenical_altar_gd, minmay_pentomino_o2
D:2:      minmay_evil_eye, layout_loops_cross
D:3:      layout_loops_corners, kennysheep_generic_room_13
D:4:      layout_basic, minmay_temple_entry_large_hall, serial_shops, shop,
          kennysheep_potato
D:5:      layout_rooms, lemuel_doored_altar, st_stairs_10
D:6:      nicolae_cairo_tiling_large, layout_gridville, serial_shops,
          nicolae_shop_window_shopping, chequers_mini_garden
D:7:      layout_basic, gammafunk_temple_overflow_elements,
          gammafunk_ghost_berserking_beasts, minmay_hollow_rounded_squares
D:8:      layout_basic, serial_co_window_serial, co_window_corner_a,
          co_window_paths_a, co_window_paths_a, co_window_of_opportunity_a,
          co_window_paths_a, co_window_corner_a, co_window_paths_a,
          co_window_paths_a, co_window_corner_a, co_window_corner_cb,
          co_window_corner_cb, co_window_cross_2, glass_columns_c,
          glass_columns_c, glass_columns_b, glass_columns_a
D:9:      gammafunk_beogh_shrine, layout_irregular_city, orc_david_3,
          hangedman_decor_slide_cut
D:10:     layout_loops_ring, dpeg_oklobed_lair
D:11:     minmay_polygon_palace, layout_irregular_city, minivault_20, uniq_snorg
Temple:   mainiacjoe_temple_bowtie_tessellation
Orc:1:    layout_caves, basic_altar, nicolae_alphabet_shops, uniq_maurice,
          uniq_sonja

Notes
Turn   | Place    | Note
-------+----------+-------------------------------------------
     0 | D:1      | AmazingTV the Spriggan Brigand began the quest for the Orb.
     0 | D:1      | Reached XP level 1. HP: 10/10 MP: 2/2
     0 | D:1      | magus.rc [v1.9.6]
    43 | D:1      | magus.rc [v1.9.6]
   142 | D:1      | Reached skill level 6 in Stealth
   142 | D:1      | Reached XP level 2. HP: 9/15 MP: 3/3
   502 | D:1      | Found a faded altar of an unknown god.
   790 | D:1      | Reached skill level 1 in Slings
  1251 | D:2      | Reached skill level 2 in Dodging
  1619 | D:2      | Reached XP level 3. HP: 18/18 MP: 4/4
  1948 | D:2      | Reached skill level 2 in Fighting
  2370 | D:2      | You pick up a book of Conjurations and begin reading...
  2370 | D:2      | You add the spells Magic Dart, Searing Ray and Fulminant
                  | Prism to your library.
  2474 | D:2      | Reached XP level 4. HP: 9/23 MP: 5/5
  4015 | D:4      | Reached skill level 2 in Slings
  4079 | D:4      | Noticed a scorpion
  4104 | D:4      | Killed a scorpion
  4105 | D:4      | Reached skill level 3 in Short Blades
  4105 | D:4      | Reached skill level 3 in Dodging
  4105 | D:4      | Reached XP level 5. HP: 26/26 MP: 6/6
  4222 | D:4      | Reached skill level 3 in Throwing
  4250 | D:4      | Reached skill level 7 in Stealth
  4253 | D:4      | Reached XP level 6. HP: 31/32 MP: 7/7
  4464 | D:4      | Reached skill level 3 in Slings
  4553 | D:4      | Found a staircase to the Ecumenical Temple.
  4742 | Temple   | Entered the Ecumenical Temple
  5024 | Temple   | Became a worshipper of Trog the Wrathful
  5193 | D:4      | Found Ugetz's Antique Armour Shoppe.
  5210 | D:4      | Bought an embroidered hat for 154 gold pieces
  5363 | D:5      | Entered Level 5 of the Dungeon
  5513 | D:5      | Reached skill level 4 in Dodging
  5693 | D:5      | Reached skill level 3 in Fighting
  5693 | D:5      | Reached skill level 4 in Short Blades
  5693 | D:5      | Reached XP level 7. HP: 36/36 MP: 8/8
  5747 | D:5      | Reached skill level 4 in Slings
  5747 | D:5      | Reached skill level 4 in Throwing
  5747 | D:5      | Reached skill level 8 in Stealth
  5910 | D:5      | You pick up a book of Dangerous Friends {forbidden} and
                  | begin reading...
  5910 | D:5      | You add the spells Summon Guardian Golem, Orb of
                  | Destruction and Spellforged Servitor to your library.
  6062 | D:5      | Reached skill level 5 in Dodging
  6062 | D:5      | Reached XP level 8. HP: 40/40 MP: 9/9
  6105 | D:5      | Found an iron altar of Okawaru.
  6208 | D:6      | Found Cusong's Jewellery Shop.
  6447 | D:6      | Reached * piety under Trog
  6448 | D:6      | Reached skill level 5 in Short Blades
  6824 | D:6      | Reached skill level 9 in Stealth
  6921 | D:6      | Reached skill level 5 in Slings
  7048 | D:6      | Reached skill level 4 in Fighting
  7058 | D:6      | You pick up a book of Displacement {forbidden} and begin
                  | reading...
  7058 | D:6      | You add the spells Lesser Beckoning, Gell's Gravitas and
                  | Teleport Other to your library.
  7115 | D:6      | Reached skill level 6 in Dodging
  7323 | D:6      | Identified the +1 robe of Fewnai {+Blink rC+}
  7331 | D:6      | Reached skill level 5 in Throwing
  7562 | D:7      | Reached XP level 9. HP: 45/45 MP: 10/10
  7595 | D:7      | Found a transporter.
  7596 | D:7      | Noticed bluv's ghost (novice MiBe)
  7610 | D:7      | Found a transporter.
  7811 | D:7      | Reached ** piety under Trog
  7962 | D:7      | Found a broken altar of Ashenzari.
  7962 | D:7      | Found a burning altar of Makhleb.
  8001 | D:7      | Found a large runed translucent door.
  8002 | D:7      | Found a large runed translucent door.
  8008 | D:7      | Found a large runed translucent door.
  8008 | D:7      | Found a large runed translucent door.
  8009 | D:7      | Noticed a gargoyle
  8143 | D:7      | You pick up a book of Spectacle {forbidden} and begin
                  | reading...
  8143 | D:7      | You add the spells Dazzling Flash, Iskenderun's Mystic
                  | Blast and Starburst to your library.
  8150 | D:7      | Noticed a moth of wrath
  8261 | D:7      | Reached skill level 6 in Short Blades
  8268 | D:7      | Reached skill level 6 in Slings
  8268 | D:7      | Reached skill level 10 in Stealth
  8367 | D:7      | Reached skill level 7 in Dodging
  8388 | D:7      | Noticed a two-headed ogre
  8465 | D:7      | Killed a two-headed ogre
  8466 | D:7      | Reached skill level 5 in Fighting
  8466 | D:7      | Reached skill level 6 in Throwing
  8783 | D:8      | Identified a +1 robe of the Archmagi
  8923 | D:8      | Reached skill level 1 in Bows
  8927 | D:8      | Reached XP level 10. HP: 51/51 MP: 11/11
  9095 | D:8      | Reached skill level 11 in Stealth
  9362 | D:8      | Reached *** piety under Trog
  9456 | D:8      | Reached skill level 8 in Dodging
  9464 | D:8      | Reached skill level 7 in Short Blades
  9464 | D:8      | Reached skill level 2 in Bows
  9973 | D:8      | magus.rc [v1.9.6]
 10108 | D:8      | Noticed a two-headed ogre
 10262 | D:8      | Killed a two-headed ogre
 10648 | D:9      | Reached skill level 1 in Long Blades
 10918 | D:9      | Noticed a two-headed ogre
 10924 | D:9      | Found a transporter.
 10925 | D:9      | Killed a two-headed ogre
 10926 | D:9      | Reached skill level 3 in Bows
 10956 | D:9      | Found a transporter.
 10956 | D:9      | Noticed a cyclops
 10956 | D:9      | Found the +0 pair of fencer's gloves {Riposte Dex+3}
 11401 | D:9      | Reached skill level 1 in Translocations
 11419 | D:9      | Found Jedo's Weapon Boutique.
 11420 | D:9      | Found a staircase to the Orcish Mines.
 11457 | D:9      | Reached skill level 2 in Translocations
 11760 | D:9      | Reached skill level 6 in Fighting
 11760 | D:9      | Reached skill level 2 in Long Blades
 11760 | D:9      | Reached skill level 3 in Translocations
 12503 | D:10     | Entered Level 10 of the Dungeon
 12507 | D:10     | Noticed a two-headed ogre
 12661 | D:10     | Reached skill level 4 in Bows
 12661 | D:10     | Reached skill level 12 in Stealth
 12689 | D:10     | Reached skill level 9 in Dodging
 12951 | D:10     | Noticed a death drake
 12951 | D:10     | a redback changed into a death drake
 12962 | D:10     | Killed a death drake
 12963 | D:10     | Reached XP level 11. HP: 56/56 MP: 12/12
 13177 | D:10     | Noticed a two-headed ogre
 13218 | D:10     | Killed a two-headed ogre
 13219 | D:10     | Reached skill level 8 in Short Blades
 13408 | D:10     | Killed a two-headed ogre
 13409 | D:10     | Reached skill level 3 in Long Blades
 13507 | D:10     | Noticed an oklob plant
 13849 | D:10     | Found a staircase to the Lair.
 14509 | D:11     | Reached skill level 5 in Bows
 14532 | D:11     | Noticed a two-headed ogre
 14641 | D:11     | Killed a two-headed ogre
 14665 | D:11     | Noticed a deep elf pyromancer
 14670 | D:11     | Killed a deep elf pyromancer
 14773 | D:11     | Noticed a white ugly thing
 14804 | D:11     | Noticed Snorg
 15319 | Orc:1    | Entered Level 1 of the Orcish Mines
 15319 | Orc:1    | Noticed Sonja
 15319 | Orc:1    | Noticed an orc high priest
 15319 | Orc:1    | Found Emoecain's Eclectic Emporium.
 15356 | Orc:1    | HP: 9/58 [orc high priest (7)]
 15358 | Orc:1    | Asphyxiated

Vanquished Creatures
  6 two-headed ogres
  A death drake (shapeshifter) (D:10)
  A deep elf pyromancer (D:11)
  2 unseen horrors
  2 trolls
  A hornet (D:7)
  A slime creature (D:11)
  2 meliai zombies (D:10)
  A shadow (D:7)
  A wraith (D:11)
  3 acid dragons
  A black bear (D:5)
  4 orc warriors
  2 sky beasts
  2 ogres
  2 necrophages
  4 centaurs
  A phantom (D:4)
  3 gnoll sergeants
  A kobold brigand (D:6)
  4 bullfrogs
  2 scorpions
  2 water moccasin zombies
  A water moccasin skeleton (D:7)
  11 killer bees (D:8)
  4 wights (D:8)
  A bullfrog zombie (D:7)
  3 hounds
  4 jellies
  8 centaur zombies
  2 gnoll shamans
  6 orc priests
  2 bullfrog skeletons
  4 orc wizards
  4 iguanas
  2 hound skeletons
  28 gnolls
  5 adders
  3 white imps
  An ufetubus (D:5)
  An adder skeleton (D:3)
  4 worms
  2 dart slugs (D:4)
  32 orcs
  4 ball pythons
  4 bats
  10 endoplasms
  6 giant cockroaches
  6 goblins
  9 hobgoblins
  2 jackals (D:4)
  11 kobolds
  A quokka (D:4)
  A frilled lizard (D:3)
  4 rats
235 creatures vanquished.

Vanquished Creatures (others)
  An orc (Orc:1)
  3 plants (D:10)
4 creatures vanquished.

Grand Total: 239 creatures vanquished

Table legend:
 A = Non-vault XP
 B = Vault XP
 C = Vault XP percentage of total XP
 D = Non-vault monster count
 E = Vault monster count
 F = Vault count percentage of total count
                 A         B        C        D         E       F
            +---------+---------+-------+---------+---------+-------
      Total |   14150 |    3273 |  18.8 |     200 |      35 |  14.9
            +---------+---------+-------+---------+---------+-------
        D:1 |      30 |       2 |   6.2 |      17 |       1 |   5.6
        D:2 |      77 |      13 |  14.4 |      12 |       7 |  36.8
        D:3 |      18 |       5 |  21.7 |      11 |       1 |   8.3
        D:4 |     411 |      22 |   5.1 |      27 |       2 |   6.9
        D:5 |    1089 |     129 |  10.6 |      14 |       2 |  12.5
        D:6 |     900 |       0 |   0.0 |      27 |       0 |   0.0
        D:7 |     537 |    1859 |  77.6 |      17 |      11 |  39.3
        D:8 |    2301 |       0 |   0.0 |      34 |       0 |   0.0
        D:9 |    2082 |     151 |   6.8 |      16 |       8 |  33.3
       D:10 |    3993 |       0 |   0.0 |      11 |       0 |   0.0
       D:11 |    2665 |    1092 |  29.1 |      11 |       3 |  21.4
      Orc:1 |      47 |       0 |   0.0 |       3 |       0 |   0.0
            +---------+---------+-------+---------+---------+-------

Illustrated notes

Table legend:
 A = Kills in this place as a percentage of kills in entire the game.
 B = Kills by you in this place as a percentage of kills by you in the entire game.
 C = Kills by friends in this place as a percentage of kills by friends in the entire game.
 D = Other kills in this place as a percentage of other kills in the entire game.
 E = Experience gained in this place as a percentage of experience gained in the entire game.
 F = Experience gained in this place divided by the number of levels of this place that you have seen.
                   A       B       C       D       E      F
               +-------+-------+-------+-------+-------+----------------------
         Total | 100.0 | 100.0 |   N/A |   N/A | 100.0 | 1340.2
       Dungeon |  98.7 |  98.7 |   N/A |   N/A |  99.7 | 1579.6
  Orcish Mines |   1.3 |   1.3 |   N/A |   N/A |   0.3 |  47.0
               +-------+-------+-------+-------+-------+----------------------

Table legend: (Time is in decaauts)
 A = Elapsed time spent in this place.
 B = Non-inter-level travel time spent in this place.
 C = Inter-level travel time spent in this place.
 D = Time resting spent in this place.
 E = Time spent auto-exploring this place.
 F = Levels seen in this place.
 G = Mean time per level.
                   A        B        C        D        E       F      G
               +--------+--------+--------+--------+--------+-----+--------+
         Total |  11418 |  10795 |    623 |   3162 |   5182 |  13 |  878.3 |
       Dungeon |  11197 |  10636 |    561 |   3162 |   5057 |  11 | 1017.9 |
        Temple |    194 |    133 |     61 |      0 |    124 |   1 |  194.0 |
  Orcish Mines |     26 |     26 |      0 |      0 |      0 |   1 |   26.0 |
               +--------+--------+--------+--------+--------+-----+--------+

Top non-repeatable levels by time:
     D:8: 1739 daAuts
     D:9: 1354 daAuts
     D:2: 1267 daAuts
     D:1: 1022 daAuts
     D:7: 979 daAuts
    D:11: 944 daAuts
    D:10: 928 daAuts
     D:6: 874 daAuts
     D:4: 770 daAuts
     D:3: 671 daAuts
     D:5: 643 daAuts
  Temple: 194 daAuts
   Orc:1: 26 daAuts
